 Dungeon Crawl Stone Soup version 0.24.0-124-g2791043dd8 (webtiles) character file.

Game seed: 9497872628541592247, levelgen mode: deterministic

11923 Johnny the Thaumaturge (level 11, -1/73 HPs)
             Began as a Deep Elf Earth Elementalist on Feb 14, 2020.
             Was an Elder of Dithmenos.
             Killed from afar by an electric eel (13 damage)
             ... with a bolt of electricity
             ... on level 12 of the Dungeon.
             The game lasted 00:18:17 (12139 turns).

Johnny the Thaumaturge (DEEE)                      Turns: 12139, Time: 00:18:17

Health: -1/73      AC:  9    Str:  5    XL:     11   Next: 55%
Magic:  9/28       EV: 11    Int: 24    God:    Dithmenos [****..]
Gold:   568        SH:  0    Dex: 15    Spells: 18/33 levels left

rFire    + . .     SeeInvis .   N - +3 whip (venom)
rCold    + . .     Gourm    .   L - +0 buckler
rNeg     . . .     Faith    .   w - +2 leather armour {rC+}
rPois    +         Spirit   .   m - +0 helmet
rElec    .         Reflect  .   (no cloak)
rCorr    .         Harm     .   (no gloves)
MR       +....                  F - +2 pair of boots {run}
Stlth    +.........             o - amulet of regeneration
HPRegen  0.62/turn              G - ring of protection from fire
MPRegen  0.21/turn              E - ring of poison resistance

@: confused, about to teleport, slowed, wreathed by umbra, drained, very slow
A: no striking features
a: Shadow Step, Renounce Religion


You were on level 12 of the Dungeon.
You worshipped Dithmenos.
Dithmenos was greatly pleased with you.
You were very hungry.

You visited 1 branch of the dungeon, and saw 14 of its levels.
You also visited: Sewer.

You collected 793 gold pieces.
You spent 225 gold pieces at shops.

Inventory:

Hand Weapons
 N - a +3 whip of venom (weapon)
Missiles
 b - 180 stones (quivered)
Armour
 m - a +0 helmet (worn)
 w - a +2 leather armour of cold resistance (worn)
 F - a +2 pair of boots of running (worn)
 L - a +0 buckler (worn)
 O - a +2 robe of magic resistance
Jewellery
 h - an uncursed ring of wizardry
 o - an amulet of regeneration (around neck)
 q - a +5 ring of dexterity
 E - a ring of poison resistance (right hand)
 G - a ring of protection from fire (left hand)
 K - a +2 ring of strength {unknown}
Wands
 t - a wand of polymorph (5)
 v - a wand of flame (7)
 J - a wand of digging (3)
Scrolls
 a - 3 scrolls of fog
 c - a scroll of blinking
 i - a scroll of enchant armour
 l - 10 scrolls of teleportation
 r - 4 scrolls of amnesia
 y - 3 scrolls of fear
 A - 6 scrolls of remove curse
 B - a scroll of immolation
 I - a scroll of noise
Potions
 f - a potion of magic {unknown}
 g - 3 potions of heal wounds
 j - 12 potions of curing
 k - 2 potions of mutation
 n - 2 potions of might {unknown}
 p - 6 potions of lignification
 s - 2 potions of flight
 u - 3 potions of agility {unknown}
 x - a potion of cancellation {unknown}
 z - 2 potions of brilliance {unknown}
 C - a potion of resistance {unknown}
Comestibles
 d - 11 rations


   Skills:
 * Level 10.6(9.4) Fighting
 - Level 2.4(1.4) Dodging
 - Level 2.4(1.4) Stealth
 + Level 3.7(2.7) Shields
 + Level 11.9(10.6) Spellcasting
 - Level 1.1(0.1) Transmutations
 + Level 10.4(9.1) Earth Magic


You had 18 spell levels left.
You knew the following spells:

 Your Spells              Type           Power        Failure   Level  Hunger
a - Sandblast             Erth           ######       1%          1    None
b - Stone Arrow           Conj/Erth      ####..       4%          3    None
c - Lee's Rapid Deconstr  Erth           ######....   6%          5    ####...
d - Petrify               Tmut/Erth      #####...     14%         4    None
e - Blink                 Tloc           N/A          16%         2    None

Your spell library contained the following spells:

 Spells                   Type           Power        Failure   Level  Hunger
 Passwall                 Tmut/Erth      #####...     2%          2    None
 Magic Dart               Conj           ##..         10%         1    None
 Call Imp                 Summ           ##......     16%         2    None
 Slow                     Hex            ##......     16%         2    None
 Conjure Flame            Conj/Fire      ##......     30%         3    None
 Mephitic Cloud           Conj/Pois/Air  ##......     30%         3    None


Dungeon Overview and Level Annotations

Branches:
Dungeon (14/15)            Temple (0/1) D:5            Lair (0/6) D:8
    Orc (0/2) D:11          Sewer (visited)
 Vaults: D:13-14

Altars:
Dithmenos
Elyvilon
Gozag
Makhleb
Nemelex Xobeh
Sif Muna
Trog
Uskayaw
Vehumet

Shops:
D:5 %   D:7 [

Annotations:
D:10 2 transporters, Lemonice's ghost, journeyman DrSk
D:12 Josephine


Message History

The vampire flickers and vanishes!
Deactivating autopickup; reactivate with Ctrl-A.
The electric eel shoots out a bolt of lightning at you!
The bolt of electricity misses you.
As you read the scroll of teleportation, it crumbles to dust.
You feel strangely unstable. The wraith hits you!
You hear some strange, mumbled words.
You are confused.
The wraith hits you but does no damage.
You miss the wraith. The wraith barely misses you.
The electric eel shoots out a bolt of lightning at you!
The bolt of electricity hits you! The wraith hits you.
* * * LOW HITPOINT WARNING * * *
The wraith drains your vigour!
You feel as though you will be slow longer.
The wraith hits you!
* * * LOW HITPOINT WARNING * * *
The electric eel shoots out a bolt of lightning at you!
The bolt of electricity hits you!
You die...

#..J..J).#.#'#.#.#.......#
###J.J.#.#.# #.#.#.......#
####.#.#.#.#.#.#.......#
#.#)#t#.#.#.#.......#
#####)#)#...#.#.#.......#
#......[#.###.#.##.......
...............#.# ..
............W..#.# ...
...........@W#.#.##....
...###.###.#.#.......... .#
#.###)#.##......... #####.#
##....>.............
.........≈≈......#.....^....
#JJJ.#..≈≈≈≈...#.#..........
#....##≈≈≈≈≈≈.;..#.....##...
#.T.J#≈≈≈≈≈≈≈≈≈≈.#..........
#.J..≈≈≈≈≈≈≈≈≈≈≈≈#........


You could see 2 wraiths, a crocodile and an electric eel.

Vanquished Creatures
  A two-headed ogre (D:11)
  A wizard (D:14)
  An ugly thing (D:11)
  A cyclops (D:12)
  A kobold demonologist (D:14)
  2 trolls
  Grinder (D:3)
  6 slime creatures (D:12)
  5 hippogriffs
  2 vampires
  6 yaks (D:12)
  A human (D:10)
  A soldier ant (D:12)
  2 black bears
  A phantom (D:9)
  An ice beast (D:5)
  3 sky beasts
  A hornet zombie (D:12)
  A necrophage (D:6)
  6 ogres
  8 centaurs
  4 crocodiles
  9 bullfrogs
  4 big kobolds
  2 wyvern skeletons
  6 scorpions
  A water moccasin skeleton (D:11)
  5 wights (D:7)
  4 howler monkeys
  3 centaur zombies
  2 jellies
  2 orc priests
  6 hounds
  3 bullfrog skeletons
  Natasha (thrice) (D:3)
  Ijyb (D:3)
  4 iguanas
  9 orc wizards
  10 worker ants
  A hound skeleton (D:8)
  8 gnolls
  15 adders
  2 shadow imps
  2 river rats (D:4)
  2 oozes
  An adder zombie (D:9)
  2 adder skeletons (D:4)
  5 worms
  2 dart slugs
  4 leopard geckos
  32 orcs
  8 bats
  10 giant cockroaches
  9 goblins
  6 hobgoblins
  10 jackals
  24 kobolds
  4 quokkas
  5 ball pythons
  6 frilled lizards
  A jackal skeleton (D:4)
  9 rats
298 creatures vanquished.

Vanquished Creatures (others)
  An orc (D:12)
1 creature vanquished.

Grand Total: 299 creatures vanquished

Notes
Turn   | Place    | Note
-------+----------+-------------------------------------------
     0 | D:1      | Johnny the Deep Elf Earth Elementalist began the quest for
                  | the Orb.
     0 | D:1      | Reached XP level 1. HP: 10/10 MP: 6/6
   225 | D:1      | Reached XP level 2. HP: 15/16 MP: 6/8
   239 | D:1      | Reached skill level 1 in Fighting
   613 | D:1      | Reached XP level 3. HP: 20/20 MP: 8/10
  1367 | D:2      | Reached XP level 4. HP: 13/26 MP: 9/11
  1539 | D:2      | Reached skill level 4 in Spellcasting
  2319 | D:3      | Reached XP level 5. HP: 27/31 MP: 7/13
  2366 | D:3      | Learned a level 3 spell: Stone Arrow
  2372 | D:3      | Learned a level 5 spell: Lee's Rapid Deconstruction
  2378 | D:3      | Noticed Natasha
  2389 | D:3      | Killed Natasha
  2532 | D:3      | Noticed Natasha
  2540 | D:3      | Killed Natasha
  2583 | D:3      | Noticed Grinder
  2718 | D:3      | Paralysed by Grinder for 5 turns
  2735 | D:3      | Killed Grinder
  2735 | D:3      | Reached skill level 5 in Spellcasting
  2735 | D:3      | Reached skill level 5 in Earth Magic
  2735 | D:3      | Reached XP level 6. HP: 38/38 MP: 3/16
  2873 | D:3      | Noticed Natasha
  2881 | D:3      | Killed Natasha
  2999 | D:3      | Noticed Ijyb
  3025 | D:3      | Killed Ijyb
  3025 | D:3      | Reached XP level 7. HP: 42/43 MP: 2/17
  3296 | D:4      | Found a shimmering blue altar of Sif Muna.
  3296 | D:4      | Found a radiant altar of Vehumet.
  3643 | D:4      | Found a glowing drain.
  3682 | Sewer    | Entered a sewer
  3706 | Sewer    | Reached skill level 6 in Spellcasting
  4161 | D:4      | Found a burning altar of Makhleb.
  4414 | D:4      | Reached skill level 5 in Fighting
  4589 | D:4      | You fall into a shaft and drop 2 floors!
  4666 | D:5      | Entered Level 5 of the Dungeon
  4745 | D:5      | Reached XP level 8. HP: 49/49 MP: 15/20
  5053 | D:5      | Found a shadowy altar of Dithmenos.
  5053 | D:5      | Found a hide-covered altar of Uskayaw.
  5055 | D:5      | Found a white marble altar of Elyvilon.
  5061 | D:5      | Became a worshipper of Dithmenos the Shadowed
  5197 | D:5      | Found a staircase to the Ecumenical Temple.
  5255 | D:5      | Found Utrozaokh's Food Boutique.
  5493 | D:5      | Reached skill level 7 in Spellcasting
  6120 | D:6      | Reached skill level 8 in Spellcasting
  6126 | D:6      | Reached * piety under Dithmenos
  6320 | D:6      | Reached XP level 9. HP: 24/56 MP: 12/23
  6948 | D:7      | Found a bloodstained altar of Trog.
  7086 | D:7      | Found Ponurhy Ynu's Antique Armour Shop.
  7094 | D:7      | Bought a pair of glowing boots for 225 gold pieces
  7099 | D:7      | Identified a +2 pair of boots of running (You bought it in
                  | a shop on level 7 of the Dungeon)
  7512 | D:8      | Reached skill level 9 in Spellcasting
  7808 | D:8      | Found a staircase to the Lair.
  7809 | D:8      | Noticed an elephant
  7822 | D:8      | Reached ** piety under Dithmenos
  7866 | D:7      | Learned a level 4 spell: Petrify
  7869 | D:7      | Learned a level 2 spell: Blink
  8605 | D:9      | Reached XP level 10. HP: 48/65 MP: 11/25
  8648 | D:9      | Reached skill level 10 in Spellcasting
  9253 | D:10     | Entered Level 10 of the Dungeon
  9365 | D:10     | Found a transporter.
  9367 | D:10     | Noticed Lemonice's ghost (journeyman DrSk)
  9374 | D:10     | Found a transporter.
  9374 | D:10     | Identified the +8 dire flail "Ukaitiu" {flame, rC+ rN++}
  9374 | D:10     | Noticed a two-headed ogre
  9854 | D:11     | Noticed a white ugly thing
  9873 | D:11     | Killed a white ugly thing
  9873 | D:11     | Reached skill level 1 in Shields
  9912 | D:11     | Reached *** piety under Dithmenos
  9914 | D:11     | Noticed a two-headed ogre
 10220 | D:11     | Found a sparkling altar of Nemelex Xobeh.
 10310 | D:11     | Found a staircase to the Orcish Mines.
 10412 | D:11     | Killed a two-headed ogre
 10416 | D:11     | Found an opulent altar of Gozag.
 10941 | D:12     | Reached skill level 11 in Spellcasting
 11105 | D:12     | You fall into a shaft and drop 2 floors!
 11112 | D:14     | Noticed a two-headed ogre
 11129 | D:14     | Noticed a wizard
 11130 | D:14     | Noticed a rust devil
 11134 | D:14     | Killed a wizard
 11134 | D:14     | Reached XP level 11. HP: 68/72 MP: 2/28
 11214 | D:14     | Reached skill level 10 in Fighting
 11450 | D:12     | Reached skill level 10 in Earth Magic
 11481 | D:12     | Reached **** piety under Dithmenos
 12128 | D:12     | Noticed Josephine
 12139 | D:12     | Killed from afar by an electric eel

Levels and vault maps discovered:
D:1:      psy_arrival_conway, layout_basic, minmay_misc_feat_ornament
D:2:      layout_loops_ring
D:3:      layout_rooms, first_ration, uniq_ijyb, uniq_natasha, uniq_grinder
D:4:      layout_loops_corners, overflow_temple_1_default,
          gammafunk_temple_overflow_wave, portal_sewer_entry_b
D:5:      layout_basic, minitemple, lemuel_temple_firewalk_b, serial_shops, shop
D:6:      layout_loops_ring, st_stairs_10
D:7:      layout_basic, serial_shops, nicolae_shop_trees, basic_altar
D:8:      layout_loops_ring, david_lair_generic
D:9:      layout_loops_ring
D:10:     layout_loops_cross, gammafunk_ghost_smash, grunt_pizzeria
D:11:     layout_roguey, orc_0_dummy, basic_altar, grunt_gozag_breadcrumbs
D:12:     layout_basic, special_room [special_room_orc], uniq_josephine
D:13:     minmay_tile_spiral, layout_gridville, ximxim_vaults_locker_room,
          minmay_quadrilaterals
D:14:     layout_loops_corners, nicolae_wwwww, drop_trap,
          lightli_church_of_beogh, uniq_nessos, uniq_kirke

Skill      XL: |  1  2  3  4  5  6  7  8  9 10 11 |
---------------+----------------------------------+-----
Fighting       | 1 2 3 4 5 6 8 9 10 | 10.6
Spellcasting   | 4 5 6 8 9 11 | 11.9
Earth Magic    | 4 5 6 7 8 9 10 | 10.4
Shields        | 2 3 |  3.7
Dodging        | |  2.4
Stealth        | |  2.4
Transmutations | |  1.1

Action                   |  1- 3 |  4- 6 |  7- 9 | 10-12 || total
-------------------------+-------+-------+-------+-------++-------
Melee: Unarmed           |    16 |    12 |       |       ||    28
       Spear             |    84 |    53 |   125 |       ||   262
       Trident           |       |       |   130 |    61 ||   191
       Whip              |       |       |       |    76 ||    76
Throw: Stone             |       |       |     1 |     2 ||     3
 Cast: Sandblast         |    32 |    63 |   119 |    56 ||   270
       Lee's Rapid Decon |       |     5 |    31 |    36 ||    72
       Stone Arrow       |       |     1 |    29 |    30 ||    60
       Petrify           |       |       |     4 |     5 ||     9
Evoke: Wand              |       |       |     2 |    10 ||    12
  Use: Scroll            |       |     6 |     7 |    10 ||    23
       Potion            |       |       |       |     2 ||     2
 Stab: Sleeping          |     7 |     2 |     8 |     6 ||    23
       Distracted        |       |       |     2 |     1 ||     3
       Petrified         |       |       |     5 |     5 ||    10
       Petrifying        |       |       |     1 |       ||     1
  Eat: Chunk             |     1 |     7 |    24 |     8 ||    40
       Ration            |       |       |       |     2 ||     2
Armor: Robe              |    16 |     5 |       |       ||    21
       Skin              |       |     3 |       |       ||     3
       Leather armour    |       |       |   109 |    53 ||   162
Dodge: Dodged            |    75 |    43 |   209 |   135 ||   462
Block: Buckler           |       |       |       |     6 ||     6
